[Event "CZE-ch Youth G10-G12-G14 2022"]
[Site "Luhacovice"]
[Date "2022.03.14"]
[Round "3.5"]
[White "Kusova, Nikola"]
[Black "Melicharova Veronika"]
[Result "1-0"]
[ECO "B15"]
[WhiteElo "1227"]
[BlackElo "1000"]
[Annotator "NA"]
[PlyCount "63"]
[EventDate "2022.03.12"]
[EventType "swiss"]
[EventCountry "CZE"]
[SourceTitle "playchess.com"]
[Source "ChessBase"]
[SourceQuality "1"]
[TimeControl "40/5400+30:1800+30"]

1. e4 c6 2. d4 d5 3. Nc3 dxe4 4. Nxe4 Nf6 5. Ng3 c5 6. Nf3 cxd4 7. Nxd4 e5 8. Bb5+ Nbd7 9. Qe2 Bc5 10. Qxe5+ Be7 11. Ngf5 O-O 12. Nxe7+ Kh8 13. Bxd7 Bxd7 14. Bg5 Re8 15. Bxf6 Rxe7 16. Bxe7 f6 17. Ne6 Qxe7 18. Qe2 Bxe6 19. O-O-O Re8 20. Rhe1 h6 21. f4 Bg4 22. Qxe7 Rxe7 23. Rxe7 Bxd1 24. Kxd1 g5 25. fxg5 fxg5 26. Ke2 b5 27. Ke3 a5 28. Ke4 Kg8 29. Kf5 Kf8 30. Kf6 h5 31. Ra7 g4 32. Ra8# 1-0

[Event "CZE-ch Youth G10-G12-G14 2022"]
[Site "Luhacovice"]
[Date "2022.03.14"]
[Round "3.9"]
[White "Stepankova Linda"]
[Black "Kubalova Nikol"]
[Result "1-0"]
[ECO "C68"]
[WhiteElo "1000"]
[BlackElo "1000"]
[Annotator "NA"]
[PlyCount "58"]
[EventDate "2022.03.12"]
[EventType "swiss"]
[EventCountry "CZE"]
[SourceTitle "playchess.com"]
[Source "ChessBase"]
[SourceQuality "1"]
[TimeControl "40/5400+30:1800+30"]

1. e4 e5 2. Nf3 Nc6 3. Bb5 a6 4. Bxc6 bxc6 5. Nxe5 Bc5 6. Nc3 Nf6 7. d3 d6 8. Nxc6 Bg4 9. f3 Qd7 10. fxg4 Qxc6 11. Bg5 Bd4 12. Qd2 Nxg4 13. h3 Nf2 14. Rf1 Qc5 15. Bh4 Qb4 16. Rb1 Qc5 17. Bxf2 Bxf2+ 18. Qxf2 Qxf2+ 19. Rxf2 Rd8 20. b4 Ke7 21. b5 a5 22. b6 cxb6 23. Rxb6 Rd7 24. Ra6 Ke6 25. Rxa5 d5 26. exd5+ Ke5 27. Rb5 f5 28. Kd2 g5 29. Rf1 Rf8 1-0

[Event "CZE-ch Youth G10-G12-G14 2022"]
[Site "Luhacovice"]
[Date "2022.03.14"]
[Round "3.12"]
[White "Buchtova, Viktorie"]
[Black "Stara, Zuzana"]
[Result "1-0"]
[ECO "B88"]
[WhiteElo "1464"]
[BlackElo "1322"]
[Annotator "NA"]
[PlyCount "95"]
[EventDate "2022.03.12"]
[EventType "swiss"]
[EventCountry "CZE"]
[SourceTitle "playchess.com"]
[Source "ChessBase"]
[SourceQuality "1"]
[TimeControl "40/5400+30:1800+30"]

1. e4 c5 2. Nf3 Nf6 3. Nc3 d6 4. d4 cxd4 5. Nxd4 a6 6. Bc4 e6 7. Bb3 Nc6 8. O-O Be7 9. Kh1 O-O 10. f4 Bd7 11. f5 e5 12. Nf3 Rc8 13. Bg5 Na7 14. Bxf6 Bxf6 15. Qxd6 Nb5 16. Nxb5 Bxb5 17. Rfd1 Be2 18. Rd2 Bxf3 19. gxf3 Qxd6 20. Rxd6 Rfd8 21. Rad1 Kf8 22. Kg2 Ke7 23. Rxd8 Rxd8 24. Rxd8 Kxd8 25. Bxf7 b6 26. Kf2 Kc7 27. Bd5 Kd6 28. b4 a5 29. c3 Kc7 30. Ke2 axb4 31. cxb4 Be7 32. a3 b5 33. Kd3 Kb6 34. Kc3 Bd6 35. Kb3 Ka6 36. a4 Kb6 37. Bf7 Be7 38. Be8 bxa4+ 39. Bxa4 Bg5 40. Kc4 h5 41. Kd5 Bf4 42. h3 h4 43. Be8 Bg3 44. Ke6 Bf4 45. Kf7 Bh6 46. Kg6 Kb7 47. f6 gxf6 48. Kxh6 1-0

[Event "CZE-ch Youth G10-G12-G14 2022"]
[Site "Luhacovice"]
[Date "2022.03.14"]
[Round "3.13"]
[White "Slivova, Linda"]
[Black "Markina, Sofiia"]
[Result "1-0"]
[ECO "A02"]
[WhiteElo "1298"]
[BlackElo "1367"]
[Annotator "NA"]
[PlyCount "75"]
[EventDate "2022.03.12"]
[EventType "swiss"]
[EventCountry "CZE"]
[SourceTitle "playchess.com"]
[Source "ChessBase"]
[SourceQuality "1"]
[TimeControl "40/5400+30:1800+30"]

1. b3 Nf6 2. Bb2 c5 3. e3 Nc6 4. f4 d6 5. Bb5 Bd7 6. Nf3 g6 7. O-O Bg7 8. Bxc6 Bxc6 9. d3 O-O 10. e4 Qc7 11. Nbd2 b5 12. e5 dxe5 13. Nxe5 Bb7 14. Qe2 Nd7 15. Rae1 Nxe5 16. Bxe5 Bxe5 17. Qxe5 Qxe5 18. Rxe5 Rfe8 19. Rxc5 a6 20. Re1 e6 21. Ne4 Bxe4 22. Rxe4 Rac8 23. Rxc8 Rxc8 24. c4 bxc4 25. dxc4 Kg7 26. Rd4 Kf6 27. Kf2 e5 28. Rd6+ Kf5 29. fxe5 a5 30. Rf6+ Kxe5 31. Rxf7 h5 32. Rd7 Rf8+ 33. Ke3 Ra8 34. Rd5+ Kf6 35. Kf4 a4 36. b4 Rb8 37. b5 Re8 38. b6 1-0

[Event "CZE-ch Youth G10-G12-G14 2022"]
[Site "Luhacovice"]
[Date "2022.03.14"]
[Round "3.14"]
[White "Kozusnikova, Daniela"]
[Black "Stavova, Lucie"]
[Result "1-0"]
[ECO "D01"]
[WhiteElo "1364"]
[BlackElo "1048"]
[Annotator "NA"]
[PlyCount "20"]
[EventDate "2022.03.12"]
[EventType "swiss"]
[EventCountry "CZE"]
[SourceTitle "playchess.com"]
[Source "ChessBase"]
[SourceQuality "1"]
[TimeControl "40/5400+30:1800+30"]

1. d4 d5 2. Nc3 Nf6 3. Bg5 e6 4. Nf3 Be7 5. e3 Nbd7 6. Bd3 Nf8 7. Bf4 Ng6 8. Bg3 Bd7 9. Ne5 c6 10. h3 Bd6 1-0

[Event "CZE-ch Youth G10-G12-G14 2022"]
[Site "Luhacovice"]
[Date "2022.03.14"]
[Round "3.16"]
[White "Kubatova Ema"]
[Black "Bartova Hana"]
[Result "1-0"]
[ECO "C45"]
[WhiteElo "1183"]
[BlackElo "1000"]
[Annotator "NA"]
[PlyCount "97"]
[EventDate "2022.03.12"]
[EventType "swiss"]
[EventCountry "CZE"]
[SourceTitle "playchess.com"]
[Source "ChessBase"]
[SourceQuality "1"]
[TimeControl "40/5400+30:1800+30"]

1. e4 e5 2. Nf3 Nc6 3. d4 exd4 4. Nxd4 Qh4 5. Nc3 Bb4 6. Ndb5 Qxe4+ 7. Be2 Qe5 8. f4 Bxc3+ 9. bxc3 Qc5 10. Nxc7+ Kd8 11. Nxa8 Qxc3+ 12. Bd2 Qc5 13. Qb1 Nf6 14. Qb5 Qxc2 15. Qc4 Qxc4 16. Bxc4 Re8+ 17. Kd1 Re7 18. Re1 Ne8 19. Rxe7 Kxe7 20. Kc2 b6 21. Re1+ Kf8 22. Bd3 h6 23. Be4 Bb7 24. Bxc6 Bxc6 25. Bb4+ d6 26. Nc7 Nxc7 27. Bxd6+ Kg8 28. Bxc7 Bxg2 29. Re7 b5 30. Bd8 Kf8 31. Rxa7 Ke8 32. Ba5 g6 33. Kc3 Bf1 34. Kb4 h5 35. a4 bxa4 36. Kxa4 h4 37. Kb4 h3 38. Kc3 Kf8 39. Kd2 Bb5 40. Bc3 Bc6 41. Ke3 Bd5 42. Rc7 Be6 43. Ra7 Bd5 44. Kd4 Bf3 45. Ke3 Bd5 46. Kf2 Ke8 47. Bf6 Kf8 48. Kg3 Kg8 49. Kxh3 1-0

[Event "CZE-ch Youth G10-G12-G14 2022"]
[Site "Luhacovice"]
[Date "2022.03.14"]
[Round "3.17"]
[White "Horkova, Tereza"]
[Black "Havelkova Kamila"]
[Result "1-0"]
[ECO "C58"]
[WhiteElo "1375"]
[BlackElo "1092"]
[Annotator "NA"]
[PlyCount "49"]
[EventDate "2022.03.12"]
[EventType "swiss"]
[EventCountry "CZE"]
[SourceTitle "playchess.com"]
[Source "ChessBase"]
[SourceQuality "1"]
[TimeControl "40/5400+30:1800+30"]

1. e4 e5 2. Nf3 Nc6 3. Bc4 Nf6 4. Ng5 d5 5. exd5 Na5 6. Bb5+ c6 7. dxc6 bxc6 8. Bd3 Nd5 9. Nf3 Bd6 10. O-O O-O 11. h3 f5 12. Ne1 Be6 13. Nc3 Qc7 14. Nxd5 cxd5 15. Be2 Rad8 16. d3 e4 17. f4 exf3 18. Nxf3 f4 19. Kh1 d4 20. Nxd4 Bxh3 21. gxh3 f3 22. Bxf3 Kh8 23. Bd5 Rfe8 24. Ne6 Rc8 25. Qf3 1-0

[Event "CZE-ch Youth G10-G12-G14 2022"]
[Site "Luhacovice"]
[Date "2022.03.14"]
[Round "3.18"]
[White "Kammova, Katerina"]
[Black "Mojzisova Barbora"]
[Result "1-0"]
[ECO "C44"]
[WhiteElo "1376"]
[BlackElo "1089"]
[Annotator "NA"]
[PlyCount "65"]
[EventDate "2022.03.12"]
[EventType "swiss"]
[EventCountry "CZE"]
[SourceTitle "playchess.com"]
[Source "ChessBase"]
[SourceQuality "1"]
[TimeControl "40/5400+30:1800+30"]

1. e4 e5 2. d4 exd4 3. Nf3 Nc6 4. c3 dxc3 5. Nxc3 Bb4 6. Bc4 Bxc3+ 7. bxc3 Nge7 8. Ng5 O-O 9. Qh5 h6 10. Nxf7 Rxf7 11. Bxf7+ Kf8 12. Bb3 Qe8 13. Qf3+ Nf5 14. Qxf5+ Ke7 15. O-O Kd8 16. Qf7 Qxf7 17. Bxf7 d6 18. Bb3 Ne5 19. Bb2 Bg4 20. f3 Bh5 21. Rfd1 Kd7 22. c4 Nc6 23. c5 g5 24. g4 Bg6 25. cxd6 Rd8 26. dxc7+ Kxc7 27. Rxd8 Kxd8 28. h3 h5 29. Bf6+ Kd7 30. Rd1+ Kc7 31. Bxg5 hxg4 32. hxg4 Ne5 33. Bf4 1-0

[Event "CZE-ch Youth G10-G12-G14 2022"]
[Site "Luhacovice"]
[Date "2022.03.14"]
[Round "3.19"]
[White "Krisicova Neli"]
[Black "Bouchalova, Kveta"]
[Result "1-0"]
[ECO "A01"]
[WhiteElo "1093"]
[BlackElo "1303"]
[Annotator "NA"]
[PlyCount "51"]
[EventDate "2022.03.12"]
[EventType "swiss"]
[EventCountry "CZE"]
[SourceTitle "playchess.com"]
[Source "ChessBase"]
[SourceQuality "1"]
[TimeControl "40/5400+30:1800+30"]

1. b3 e5 2. Bb2 Nc6 3. e3 d5 4. Bb5 Bd6 5. f4 d4 6. Nf3 Bg4 7. fxe5 Be7 8. Bxd4 Bh4+ 9. g3 Qd5 10. Bxc6+ Qxc6 11. Rf1 Be7 12. Nc3 f6 13. Qe2 O-O-O 14. a4 Nh6 15. Nb5 Qxc2 16. Qc4 Qxc4 17. bxc4 a6 18. Nc3 Nf7 19. Nd5 Rhe8 20. Nxe7+ Rxe7 21. exf6 Ree8 22. fxg7 Nh6 23. Bc3 Re4 24. Ne5 Rg8 25. Rf8+ Rxf8 26. gxf8=Q# 1-0

[Event "CZE-ch Youth G10-G12-G14 2022"]
[Site "Luhacovice"]
[Date "2022.03.14"]
[Round "3.20"]
[White "Barteckova, Nikol"]
[Black "Kubatova Beta"]
[Result "1-0"]
[ECO "B39"]
[WhiteElo "1140"]
[BlackElo "1071"]
[Annotator "NA"]
[PlyCount "209"]
[EventDate "2022.03.12"]
[EventType "swiss"]
[EventCountry "CZE"]
[SourceTitle "playchess.com"]
[Source "ChessBase"]
[SourceQuality "1"]
[TimeControl "40/5400+30:1800+30"]

1. e4 c5 2. Nf3 Nc6 3. d4 cxd4 4. Nxd4 g6 5. c4 Bg7 6. Be3 Nf6 7. Nc3 Ng4 8. Qxg4 Nxd4 9. Qd1 Nc6 10. Be2 O-O 11. O-O d6 12. Qd2 Bd7 13. Rab1 Rc8 14. Rfc1 Ne5 15. Nd1 Bg4 16. f3 Be6 17. b3 Bd7 18. Bh6 a6 19. Bxg7 Kxg7 20. a4 Qb6+ 21. Qe3 Qxe3+ 22. Nxe3 Bc6 23. Rc2 Nd7 24. Rd2 Rfd8 25. Bd3 Nc5 26. Rbb2 Rd7 27. Ng4 h5 28. Ne3 Rdd8 29. h3 Bd7 30. g4 hxg4 31. hxg4 Ne6 32. Bf1 Rc7 33. Nd5 Rc6 34. Nxe7 Rb6 35. Nd5 Rc6 36. Rd3 Nc5 37. Rd1 Be6 38. Ne3 Rc7 39. Rdb1 Rc6 40. Ra1 a5 41. Nc2 Rb6 42. Rab1 Bd7 43. Ne3 Be6 44. Kg2 Kh6 45. Kg3 Re8 46. Rh2+ Kg7 47. Rhb2 Kh6 48. Nc2 Rd8 49. Na1 Kg7 50. Kf4 Kf6 51. g5+ Kg7 52. Ke3 Kf8 53. Nc2 Ke7 54. Nd4 Rc8 55. Kd2 Na6 56. Kc3 Nb4 57. Rd1 Rd8 58. Rbd2 Na6 59. Nc2 Rd7 60. Rb1 Nb4 61. Rh2 Rd8 62. f4 Rg8 63. Re1 Kd7 64. Rd2 Rc8 65. Na3 Na6 66. Rb1 Nb4 67. Nb5 Rcc6 68. Rbd1 Ke7 69. Na7 Rc7 70. Nb5 Rcc6 71. Nd4 Rc8 72. f5 Bd7 73. Bh3 Rd8 74. Nc2 Bc8 75. f6+ Ke8 76. Bxc8 Rxc8 77. Rxd6 Rxd6 78. Rxd6 Nc6 79. Rd5 Ra8 80. Rb5 Ra7 81. Ne3 Kd7 82. Rd5+ Ke8 83. Rd1 Ra8 84. Nd5 Rc8 85. Rh1 Rd8 86. Rh8+ Kd7 87. Rh7 Rf8 88. b4 axb4+ 89. Nxb4 Kd6 90. Rh1 Kc7 91. Re1 Re8 92. Nd5+ Kd7 93. Kd3 Ne5+ 94. Kc3 Nc6 95. Rb1 Kc8 96. Re1 Kd7 97. Nb6+ Kc7 98. c5 Re5 99. Nd5+ Kd7 100. Rd1 Kc8 101. Nb6+ Kc7 102. Rd7+ Kb8 103. Rxf7 Rxe4 104. Rf8+ Kc7 105. Rc8# 1-0

[Event "CZE-ch Youth G10-G12-G14 2022"]
[Site "Luhacovice"]
[Date "2022.03.14"]
[Round "3.21"]
[White "Hladka, Leontyna"]
[Black "Lukaskova Ellen"]
[Result "1-0"]
[ECO "C65"]
[WhiteElo "1134"]
[BlackElo "1058"]
[Annotator "NA"]
[PlyCount "97"]
[EventDate "2022.03.12"]
[EventType "swiss"]
[EventCountry "CZE"]
[SourceTitle "playchess.com"]
[Source "ChessBase"]
[SourceQuality "1"]
[TimeControl "40/5400+30:1800+30"]

1. e4 e5 2. Nf3 Nc6 3. Bb5 Nf6 4. d3 Bc5 5. O-O O-O 6. Bxc6 dxc6 7. Nxe5 Bd6 8. Nc4 Bg4 9. f3 Be6 10. Nba3 Bxc4 11. Nxc4 Bc5+ 12. Kh1 Nh5 13. Qd2 Qh4 14. Qg5 Qxg5 15. Bxg5 Bb4 16. c3 f6 17. Bd2 Bc5 18. f4 Bd6 19. g4 Nxf4 20. Bxf4 Bxf4 21. Rxf4 Rad8 22. Rd1 c5 23. Kg2 b5 24. Ne3 c4 25. d4 c5 26. dxc5 Rxd1 27. Nxd1 Kf7 28. Rf5 Rd8 29. Rd5 Re8 30. Kf3 Re5 31. c6 Rxd5 32. exd5 Ke7 33. Ne3 Kd8 34. d6 a5 35. c7+ Kc8 36. Ke4 g6 37. Kd5 Kd7 38. Kc5 b4 39. cxb4 axb4 40. Kxb4 f5 41. gxf5 gxf5 42. Nxf5 c3 43. bxc3 h5 44. Ne7 Kxd6 45. c8=Q h4 46. Qc6+ Ke5 47. Qc4 Kd6 48. Qc5+ Ke6 49. a4 1-0

[Event "CZE-ch Youth G10-G12-G14 2022"]
[Site "Luhacovice"]
[Date "2022.03.14"]
[Round "3.22"]
[White "Pruskova, Justyna"]
[Black "Spetlova Stella"]
[Result "1-0"]
[ECO "A02"]
[WhiteElo "1003"]
[BlackElo "1000"]
[Annotator "NA"]
[PlyCount "22"]
[EventDate "2022.03.12"]
[EventType "swiss"]
[EventCountry "CZE"]
[SourceTitle "playchess.com"]
[Source "ChessBase"]
[SourceQuality "1"]
[TimeControl "40/5400+30:1800+30"]

1. f4 d6 2. g3 e6 3. e4 e5 4. Nc3 Bd7 5. d3 Nf6 6. Bg2 Be7 7. Nf3 O-O 8. Bd2 Bg4 9. O-O Bd7 10. h3 c5 11. f5 Nd5 1-0

[Event "CZE-ch Youth G10-G12-G14 2022"]
[Site "Luhacovice"]
[Date "2022.03.14"]
[Round "3.23"]
[White "Martinkovicova Nela"]
[Black "Sochorova Valentyna"]
[Result "0-1"]
[ECO "D00"]
[WhiteElo "1032"]
[BlackElo "1201"]
[Annotator "NA"]
[PlyCount "108"]
[EventDate "2022.03.12"]
[EventType "swiss"]
[EventCountry "CZE"]
[SourceTitle "playchess.com"]
[Source "ChessBase"]
[SourceQuality "1"]
[TimeControl "40/5400+30:1800+30"]

1. d4 d5 2. Nc3 Nf6 3. Bf4 a6 4. Nf3 Nc6 5. e3 Bg4 6. Bd3 e6 7. O-O Bd6 8. Bg3 Bxg3 9. fxg3 e5 10. Be2 e4 11. Ne5 Bxe2 12. Qxe2 O-O 13. Ng4 Nxg4 14. Qxg4 Ne7 15. Rad1 Qc8 16. Qh4 Ng6 17. Qg5 c6 18. Qf5 Qxf5 19. Rxf5 Rac8 20. Na4 Ne7 21. Rf2 Rc7 22. Nc5 Ng6 23. b3 a5 24. c4 b6 25. Na4 b5 26. cxb5 cxb5 27. Nb2 Rc3 28. Re2 Rfc8 29. Ree1 Rc2 30. Rb1 b4 31. a4 bxa3 32. Na4 a2 33. Ra1 Ne7 34. Kf1 Rb8 35. Rec1 Rxc1+ 36. Rxc1 Rxb3 37. Re1 Ra3 38. Ra1 Rxa4 39. Ke2 Nc6 40. Kf2 Nb4 41. Ke2 Nc2 42. Rc1 a1=Q 43. Rxa1 Rxa1 44. Kd2 Nxd4 45. exd4 a4 46. Kc2 a3 47. g4 e3 48. g5 e2 49. g6 e1=Q 50. gxh7+ Kxh7 51. g4 Qe3 52. g5 Ra2+ 53. Kb1 Qb3+ 54. Kc1 Qc2# 0-1

[Event "CZE-ch Youth G10-G12-G14 2022"]
[Site "Luhacovice"]
[Date "2022.03.14"]
[Round "3.24"]
[White "Zezulova Sara"]
[Black "Martinkova Klara"]
[Result "0-1"]
[ECO "C58"]
[WhiteElo "1000"]
[BlackElo "1177"]
[Annotator "NA"]
[PlyCount "47"]
[EventDate "2022.03.12"]
[EventType "swiss"]
[EventCountry "CZE"]
[SourceTitle "playchess.com"]
[Source "ChessBase"]
[SourceQuality "1"]
[TimeControl "40/5400+30:1800+30"]

1. e4 e5 2. Nf3 Nc6 3. Bc4 Nf6 4. Ng5 d5 5. exd5 Na5 6. O-O Nxc4 7. Re1 Be7 8. b3 Nb6 9. d4 Nfxd5 10. Ne4 f6 11. Bd2 exd4 12. c3 dxc3 13. Nexc3 Nxc3 14. Nxc3 O-O 15. Rc1 Bb4 16. h3 a5 17. a4 Bf5 18. Qe2 Re8 19. Qxe8+ Qxe8 20. Rxe8+ Rxe8 21. Re1 Rxe1+ 22. Bxe1 Kf7 23. g4 Be6 24. Kf1 0-1

[Event "CZE-ch Youth G10-G12-G14 2022"]
[Site "Luhacovice"]
[Date "2022.03.14"]
[Round "3.25"]
[White "Archlebova Eva"]
[Black "Kubickova Linda"]
[Result "1-0"]
[ECO "C50"]
[WhiteElo "1040"]
[BlackElo "1000"]
[Annotator "NA"]
[PlyCount "44"]
[EventDate "2022.03.12"]
[EventType "swiss"]
[EventCountry "CZE"]
[SourceTitle "playchess.com"]
[Source "ChessBase"]
[SourceQuality "1"]
[TimeControl "40/5400+30:1800+30"]

1. e4 e5 2. Nf3 Nc6 3. Nc3 Nf6 4. Bc4 Bc5 5. d3 O-O 6. Bg5 h6 7. Bh4 g5 8. Bg3 Ng4 9. Qd2 d6 10. h3 Nf6 11. O-O-O Na5 12. h4 Nh7 13. hxg5 hxg5 14. Rh5 Bg4 15. Rh6 Kg7 16. Rdh1 Rh8 17. Nxg5 Qxg5 18. Qxg5+ Nxg5 19. R6h4 Bd7 20. f4 Be3+ 21. Kd1 exf4 22. Be1 f3 1-0

[Event "CZE-ch Youth G10-G12-G14 2022"]
[Site "Luhacovice"]
[Date "2022.03.14"]
[Round "3.26"]
[White "Souralova, Alena"]
[Black "Maresova Denisa"]
[Result "1-0"]
[ECO "C02"]
[WhiteElo "1010"]
[BlackElo "1103"]
[Annotator "NA"]
[PlyCount "89"]
[EventDate "2022.03.12"]
[EventType "swiss"]
[EventCountry "CZE"]
[SourceTitle "playchess.com"]
[Source "ChessBase"]
[SourceQuality "1"]
[TimeControl "40/5400+30:1800+30"]

1. e4 e6 2. d4 d5 3. e5 c5 4. c3 Nc6 5. Nf3 Qb6 6. Bd3 Bd7 7. O-O cxd4 8. cxd4 Nxd4 9. Nxd4 Qxd4 10. Nc3 Qxe5 11. Re1 Qc7 12. Nxd5 Qd8 13. Bf4 Rc8 14. Rc1 Ne7 15. Nc7+ Rxc7 16. Rxc7 Nd5 17. Qc1 Bc6 18. Rxc6 bxc6 19. Qxc6+ Qd7 20. Bb5 Qxc6 21. Bxc6+ Kd8 22. Bxd5 exd5 23. Rd1 g6 24. Rxd5+ Kc8 25. f3 Bg7 26. Be5 Bxe5 27. Rxe5 Rd8 28. Re7 Rd1+ 29. Kf2 Rd2+ 30. Kg3 Kb8 31. Rxf7 Rxb2 32. Rxh7 Rxa2 33. h4 Rc2 34. h5 Rc8 35. hxg6 a5 36. Kg4 a4 37. Rh1 Kb7 38. Kg5 Ra8 39. g7 a3 40. Kg6 Kb6 41. Kh7 Kb5 42. g8=Q Rxg8 43. Kxg8 Ka4 44. f4 Kb5 45. f5 1-0

[Event "CZE-ch Youth G10-G12-G14 2022"]
[Site "Luhacovice"]
[Date "2022.03.14"]
[Round "3.27"]
[White "Barteckova, Valerie"]
[Black "Rezacova Julie"]
[Result "1-0"]
[ECO "C62"]
[WhiteElo "1250"]
[BlackElo "1063"]
[Annotator "NA"]
[PlyCount "103"]
[EventDate "2022.03.12"]
[EventType "swiss"]
[EventCountry "CZE"]
[SourceTitle "playchess.com"]
[Source "ChessBase"]
[SourceQuality "1"]
[TimeControl "40/5400+30:1800+30"]

1. e4 e5 2. Nf3 Nc6 3. Bb5 d6 4. h3 Nf6 5. d3 Be7 6. O-O O-O 7. c3 a6 8. Ba4 Bd7 9. Re1 b5 10. Bc2 d5 11. exd5 Nxd5 12. Nxe5 Nxe5 13. Rxe5 Nf6 14. d4 Bd6 15. Re1 c5 16. Bg5 h6 17. Bh4 Re8 18. Rxe8+ Bxe8 19. Qf3 Qe7 20. Nd2 Rc8 21. Bxf6 gxf6 22. Qg4+ Kf8 23. Qxc8 cxd4 24. cxd4 Bb4 25. Nf3 Bd6 26. a3 a5 27. Re1 Qd7 28. Qc3 b4 29. Qd3 f5 30. Qxf5 Qxf5 31. Bxf5 bxa3 32. bxa3 Bxa3 33. Rd1 a4 34. Bc2 Bb4 35. Bb1 a3 36. Ba2 Ba4 37. Rb1 Bc3 38. Rb8+ Ke7 39. Ra8 Bc6 40. Rxa3 Bb4 41. Ra7+ Bd7 42. Ne5 Kd8 43. Rxd7+ Kc8 44. Rxf7 Bd6 45. Rh7 Bxe5 46. dxe5 Kd8 47. e6 h5 48. Bb3 h4 49. Ba4 Kc8 50. e7 Kc7 51. e8=Q+ Kb6 52. Qb5# 1-0

[Event "CZE-ch Youth G10-G12-G14 2022"]
[Site "Luhacovice"]
[Date "2022.03.14"]
[Round "3.28"]
[White "Nova Anezka"]
[Black "Archlebova Iva"]
[Result "1-0"]
[ECO "C56"]
[WhiteElo "1111"]
[BlackElo "1028"]
[Annotator "NA"]
[PlyCount "51"]
[EventDate "2022.03.12"]
[EventType "swiss"]
[EventCountry "CZE"]
[SourceTitle "playchess.com"]
[Source "ChessBase"]
[SourceQuality "1"]
[TimeControl "40/5400+30:1800+30"]

1. e4 e5 2. Nf3 Nc6 3. d4 exd4 4. Bc4 Nf6 5. O-O Bc5 6. Bg5 O-O 7. e5 Be7 8. exf6 Bxf6 9. Bf4 d5 10. Bd3 Bg4 11. h3 Bh5 12. Be2 Re8 13. Re1 Bg6 14. c3 dxc3 15. Nxc3 d4 16. Nb5 Rb8 17. Bxc7 Qd5 18. Bxb8 Rxb8 19. Qa4 d3 20. Rad1 Bxb2 21. Rd2 a6 22. Rxb2 axb5 23. Rxb5 Qe6 24. Bxd3 Qd7 25. Bxg6 hxg6 26. Qh4 1-0

[Event "CZE-ch Youth G10-G12-G14 2022"]
[Site "Luhacovice"]
[Date "2022.03.14"]
[Round "3.29"]
[White "Rybackova, Lucie"]
[Black "Veverkova, Dorota"]
[Result "1-0"]
[ECO "E62"]
[WhiteElo "1612"]
[BlackElo "1320"]
[Annotator "NA"]
[PlyCount "79"]
[EventDate "2022.03.12"]
[EventType "swiss"]
[EventCountry "CZE"]
[SourceTitle "playchess.com"]
[Source "ChessBase"]
[SourceQuality "1"]
[TimeControl "40/5400+30:1800+30"]

1. d4 Nf6 2. Nf3 g6 3. g3 Bg7 4. Bg2 d6 5. c4 Nc6 6. Nc3 O-O 7. O-O e5 8. d5 Ne7 9. c5 dxc5 10. Nxe5 Nfxd5 11. Nxf7 Rxf7 12. Nxd5 Kh8 13. Bg5 Bf8 14. Bf6+ Kg8 15. Nxe7+ Bxe7 16. Qxd8+ Bxd8 17. Bxd8 Bg4 18. Bg5 c6 19. e4 Raf8 20. Bh6 Rd8 21. f3 Be6 22. Rfd1 Rd4 23. Be3 Rxd1+ 24. Rxd1 Bxa2 25. Bh6 Re7 26. Ra1 Bc4 27. Rxa7 Rd7 28. Ra1 Kf7 29. Bf1 Bb3 30. Rc1 b6 31. Bc4+ Bxc4 32. Rxc4 Rd4 33. Rxd4 cxd4 34. Kf2 Kf6 35. Ke2 g5 36. f4 g4 37. Kd3 c5 38. b4 Ke6 39. bxc5 bxc5 40. Bf8 1-0

[Event "CZE-ch Youth G10-G12-G14 2022"]
[Site "Luhacovice"]
[Date "2022.03.14"]
[Round "3.30"]
[White "Mikesova, Lenka"]
[Black "Dudkova, Josefina"]
[Result "0-1"]
[ECO "B76"]
[WhiteElo "1364"]
[BlackElo "1545"]
[Annotator "NA"]
[PlyCount "100"]
[EventDate "2022.03.12"]
[EventType "swiss"]
[EventCountry "CZE"]
[SourceTitle "playchess.com"]
[Source "ChessBase"]
[SourceQuality "1"]
[TimeControl "40/5400+30:1800+30"]

1. e4 c5 2. Nf3 d6 3. d4 cxd4 4. Nxd4 Nf6 5. Nc3 g6 6. Be3 Bg7 7. f3 O-O 8. Qd2 Nc6 9. O-O-O Bd7 10. h4 Nxd4 11. Bxd4 b5 12. g4 b4 13. Nd5 Nxd5 14. Bxg7 Kxg7 15. Qxd5 Qb6 16. Qd4+ f6 17. Qxb6 axb6 18. Bc4 Rfc8 19. Bb3 Ba4 20. Kd2 Rc5 21. h5 Bxb3 22. axb3 gxh5 23. gxh5 Kh6 24. Rhg1 Rxh5 25. Rg2 Raa5 26. f4 Rh3 27. f5 d5 28. Rc1 d4 29. Rcg1 Re5 30. Rg4 e6 31. Rf4 exf5 32. exf5 Rd5 33. Rg2 Rh5 34. Kd3 Rhxf5 35. Rxf5 Rxf5 36. Kxd4 Rg5 37. Rh2+ Kg6 38. Ke4 f5+ 39. Kf3 h5 40. Re2 Kf6 41. Rd2 h4 42. Rd6+ Ke5 43. Rxb6 Rh5 44. Rb5+ Kf6 45. Kg2 h3+ 46. Kh2 Rh4 47. c4 bxc3 48. bxc3 f4 49. Ra5 f3 50. Kg3 h2 0-1

[Event "CZE-ch Youth G10-G12-G14 2022"]
[Site "Luhacovice"]
[Date "2022.03.14"]
[Round "3.31"]
[White "Barteckova, Denisa"]
[Black "Dobsa, Emma"]
[Result "0-1"]
[ECO "C47"]
[WhiteElo "1323"]
[BlackElo "1425"]
[Annotator "NA"]
[PlyCount "140"]
[EventDate "2022.03.12"]
[EventType "swiss"]
[EventCountry "CZE"]
[SourceTitle "playchess.com"]
[Source "ChessBase"]
[SourceQuality "1"]
[TimeControl "40/5400+30:1800+30"]

1. e4 e5 2. Nf3 Nc6 3. d4 exd4 4. Nxd4 Nf6 5. Nc3 Bb4 6. Nxc6 bxc6 7. Bd3 d5 8. exd5 cxd5 9. O-O O-O 10. Bg5 c6 11. Qf3 Re8 12. h3 h6 13. Bh4 Rb8 14. a3 Bd6 15. Na4 a5 16. Rfe1 Be6 17. Rac1 g5 18. Bg3 Kg7 19. Be5 Bxe5 20. Rxe5 Qd6 21. Ree1 g4 22. hxg4 Bxg4 23. Qg3 Qxg3 24. fxg3 Re6 25. b3 Rbe8 26. Kf2 Nh5 27. Rxe6 fxe6 28. Nc5 Rf8+ 29. Kg1 Nxg3 30. Re1 Re8 31. Nb7 Ra8 32. Nc5 Re8 33. Nb7 e5 34. Kf2 Nh5 35. g3 e4 36. Be2 Rf8+ 37. Kg2 Bxe2 38. Rxe2 Rf3 39. Nxa5 Rxg3+ 40. Kf1 Rg6 41. Rg2 Rxg2 42. Kxg2 Nf4+ 43. Kf2 h5 44. Nxc6 Kf6 45. Nd4 h4 46. a4 Ne6 47. Ne2 Ke5 48. a5 Nc7 49. c3 Kf5 50. Nd4+ Kf4 51. Ne2+ Kg4 52. b4 Nb5 53. a6 h3 54. Nd4 e3+ 55. Kg1 Kg3 56. Nf5+ Kf3 57. a7 Nxa7 58. Nd4+ Ke4 59. Kh2 Nb5 60. Ne2 Kd3 61. Nf4+ Kd2 62. Kxh3 e2 63. Ng2 Nxc3 64. Kg3 e1=Q+ 65. Nxe1 Kxe1 66. Kf4 Ke2 67. Ke5 Ke3 68. b5 d4 69. b6 Na4 70. b7 Nc5 0-1

[Event "CZE-ch Youth G10-G12-G14 2022"]
[Site "Luhacovice"]
[Date "2022.03.14"]
[Round "3.32"]
[White "Cinkova, Vicky"]
[Black "Hetfleischova, Elen"]
[Result "0-1"]
[ECO "A29"]
[WhiteElo "1317"]
[BlackElo "1363"]
[Annotator "NA"]
[PlyCount "48"]
[EventDate "2022.03.12"]
[EventType "swiss"]
[EventCountry "CZE"]
[SourceTitle "playchess.com"]
[Source "ChessBase"]
[SourceQuality "1"]
[TimeControl "40/5400+30:1800+30"]

1. c4 e5 2. Nc3 Nf6 3. g3 d5 4. cxd5 Nxd5 5. Bg2 Be6 6. Nf3 Nc6 7. O-O f5 8. d3 Be7 9. Rb1 h5 10. a3 h4 11. e3 hxg3 12. fxg3 Qd7 13. Nxd5 Bxd5 14. Qa4 b5 15. Qd1 O-O-O 16. e4 Bxe4 17. Re1 Bxd3 18. Ra1 e4 19. Nd2 Bc5+ 20. Kh1 Qd4 21. Nb3 Rxh2+ 22. Kxh2 Rh8+ 23. Bh3 Qf2+ 24. Kh1 Rxh3# 0-1